 Dungeon Crawl Stone Soup version 0.32-a0-361-g289a535 (webtiles) character file.

Game seed: 17496205484233541494

6 Nithhogg the Trooper (level 1, 0/19 HPs)
             Began as a Mountain Dwarf Fighter on Feb 18, 2024.
             Slain by a kobold
             ... wielding a +0 whip of venom
              (1 damage)
             ... on level 1 of the Dungeon.
             The game lasted 00:00:13 (63 turns).

Nithhogg the Trooper (Mountain Dwarf Fighter)         Turns: 63, Time: 00:00:14

Health: 0/19       AC:  6    Str: 18    XL:     1   Next: 75%
Magic:  1/1        EV:  9    Int:  8    God:
Gold:   0          SH:  0    Dex:  9    Spells: 0/0 levels left

rFire   . . .        a - +0 war axe
rCold   . . .        (no shield)
rNeg    . . .        b - +0 scale mail
rPois   .            (no helmet)
rElec   .            (no cloak)
rCorr   .            (no gloves)
SInv    .            (no boots)
Will    .....        (no amulet) Stlth
                     (no ring)
HPRegen 0.23/turn    (no ring)
MPRegen 0.07/turn

%: no passive effects
@: mighty, lethally poisoned (0 -> -8)
A: runic magic, artefact enchanting
a: no special abilities


You were on level 1 of the Dungeon.
You visited 1 branch of the dungeon, and saw 1 of its levels.

Inventory:

Hand Weapons
 a - a +0 war axe (weapon)
Armour
 b - a +0 scale mail (worn)
 c - a +0 buckler
Scrolls
 e - a scroll of brand weapon {unknown}


   Skills:
 + Level 3.4 Fighting
 + Level 2.6 Axes
 + Level 3.4 Armour
 - Level 3.2 Shields
 + Level 0.8 Invocations


You couldn't memorise any spells.
You didn't know any spells.
Your spell library was empty.

Dungeon Overview and Level Annotations

Branches:
Dungeon (1/15)

Altars:


Innate Abilities, Weirdness & Mutations

Your spellcasting is much less encumbered by armour.
You can use scrolls of enchantment on lesser artefacts.


Message History

You are poisoned.
The goblin barely misses you. The kobold misses you.
The goblin closely misses you.
You slash the goblin!
You kill the goblin!
You barely miss the kobold.
You feel sick. The bat barely misses you.
The kobold hits you but does no damage.
You are more poisoned.
The bat hits you but does no damage.
You barely miss the kobold. You hit the bat.
You feel very sick. The bat hits you.
The kobold hits you with a +0 whip of venom.
The kobold closely misses you.
You are too injured to fight recklessly!
You are too injured to fight recklessly!
You are too injured to fight recklessly!
You are too injured to fight recklessly!
You are too injured to fight recklessly!
You are too injured to fight recklessly!
You are too injured to fight recklessly!
You are too injured to fight recklessly!
You are too injured to fight recklessly!
You are too injured to fight recklessly!
You are too injured to fight recklessly!
You feel sick. The bat hits you but does no damage.
* * * LOW HITPOINT WARNING * * *
You feel sick. The bat barely misses you. The kobold attacks as it pursues you!
The kobold misses you. The bat barely misses you.
* * * LOW HITPOINT WARNING * * *
You feel sick. The kobold attacks as it pursues you!
The kobold hits you with a +0 whip of venom.
* * * LOW HITPOINT WARNING * * *
You are more poisoned.
You feel very mighty all of a sudden.
* * * LOW HITPOINT WARNING * * *
You feel very sick. The bat closely misses you.
The kobold hits you with a +0 whip of venom.
You die...

..# #.........
...# #.........#
#..##.........#
#..#.........#
#...).......#
#..........#
#..J..b....# ...
##..K......#
...... #..@......#
.......###†#######
......###.##
..#.#.#.#.#
#.#.#.#..#
#.#.#.#.######
#.#.#.......#
#.#<#.#......#
#.#.#.#.......#


You could see an endoplasm, a bat and a kobold.

Vanquished Creatures
  A goblin (D:1)
  A bat (D:1)
  A frilled lizard (D:1)
  A rat (D:1)
4 creatures vanquished.

Notes
Turn   | Place    | Note
-------+----------+-------------------------------------------
     0 | D:1      | Nithhogg the Mountain Dwarf Fighter began the quest for the
                  | Orb.
     0 | D:1      | Reached XP level 1. HP: 19/19 MP: 1/1
    63 | D:1      | Slain by a kobold

Illustrated notes

Levels and vault maps discovered:
D:1:      lightli_arrival_chessboard, layout_rooms

Action                     || total
---------------------------++-------
  Melee: War axe           ||    19
    Use: Potion            ||     1
 Armour: Scale mail        ||    25
  Dodge: Dodged            ||    17

Table legend: (Time is in decaauts)
 A = Elapsed time spent in this place.
 B = Non-inter-level travel time spent in this place.
 C = Inter-level travel time spent in this place.
 D = Time resting spent in this place.
 E = Time spent auto-exploring this place.
 F = Levels seen in this place.
 G = Mean time per level.
                   A        B        C        D        E       F      G
               +--------+--------+--------+--------+--------+-----+--------+
         Total |     70 |     70 |      0 |      0 |     27 |   1 |   70.0 |
       Dungeon |     70 |     70 |      0 |      0 |     27 |   1 |   70.0 |
               +--------+--------+--------+--------+--------+-----+--------+

Top non-repeatable levels by time:
     D:1: 70 daAuts
